 Dungeon Crawl Stone Soup version 0.29-a0-1023-g6ae1a4a2c7 (webtiles) character file.

Game seed: 45913884883386068

105381 drugrobin the Severer (level 15, 0/139 HPs)
             Began as a Demigod Fighter on Aug 11, 2022.
             Slain by a spriggan rider
             ... wielding a +0 spear
              (9 damage)
             ... on level 1 of the Swamp.
             The game lasted 01:13:28 (30211 turns).

drugrobin the Severer (Demigod Fighter)            Turns: 30211, Time: 01:13:29

Health: 0/139      AC: 25    Str: 31    XL:     15   Next: 47%
Magic:  18/18      EV:  6    Int: 22    God:
Gold:   1062       SH: 16    Dex: 13    Spells: 14/14 levels left

rFire   . . .      SeeInvis .   a - +5 broad axe (flame)
rCold   + . .      Faith    .   R - +2 kite shield {rC+}
rNeg    . . .      Spirit   .   K - +4 plate armour of Precision Catastrophes {Will+ rCorr}
rPois   .          Reflect  +   h - +1 helmet
rElec   .          Harm     .   A - +2 cloak {Will+}
rCorr   +          Rampage  .   (no gloves)
Will    +++..                   P - +0 pair of boots {Fly}
Stlth   ..........              l - amulet of reflection
HPRegen 0.33/turn               X - +6 ring of strength
MPRegen 0.16/turn               y - +4 ring of protection

@: about to teleport, flying, hasted, studying Polearms, very quick
A: high MP 1, forlorn, divine attributes
a: no special abilities


You were on level 1 of the Swamp.
You visited 4 branches of the dungeon, and saw 19 of its levels.
You also visited: Gauntlet and Ice Cave.

You collected 1768 gold pieces.
You spent 706 gold pieces at shops.

Inventory:

Hand Weapons
 a - a +5 broad axe of flaming (weapon)
Missiles
 c - 5 curare-tipped darts
 q - 22 poisoned darts
 I - 5 silver boomerangs (quivered)
 S - 5 throwing nets
Armour
 g - the +1 hat of the Trout {rF+ Will+}
   (You found it in a Gauntlet)

   rF:        It protects you from fire.
   Will:      It increases your willpower.
 h - a +1 helmet (worn)
 A - a +2 cloak of willpower (worn)
 D - +0 ice dragon scales
 K - the +4 plate armour of Precision Catastrophes (worn) {Will+ rCorr}
   (You found it in a Gauntlet)

   rCorr:     It protects you from acid and corrosion.
   Will:      It increases your willpower.
 N - +0 swamp dragon scales
 P - a +0 pair of boots of flying (worn)
 R - a +2 kite shield of cold resistance (worn)
Magical Staves
 z - a staff of air
Jewellery
 l - an amulet of reflection (around neck)
 o - a ring of protection from cold
 t - a ring of poison resistance
 w - a ring of protection from fire
 x - a ring of wizardry
 y - a +4 ring of protection (right hand)
 X - a +6 ring of strength (left hand)
Wands
 p - a wand of digging (3)
 C - a wand of iceblast (9)
 J - a wand of polymorph (4)
 U - a wand of quicksilver (3)
Scrolls
 k - 4 scrolls of silence
 n - 8 scrolls of blinking
 r - 6 scrolls of teleportation
 u - 5 scrolls of poison
 B - 3 scrolls of immolation
 E - a scroll of magic mapping
 F - 4 scrolls of fog
 L - 4 scrolls of vulnerability
 M - a scroll of enchant armour
 T - a scroll of fear
 Z - a scroll of brand weapon
Potions
 b - 2 potions of cancellation
 d - 5 potions of might
 f - a potion of berserk rage
 j - a potion of brilliance
 s - a potion of curing
 v - 2 potions of resistance
 G - 5 potions of attraction
 H - a potion of haste
 Q - a potion of invisibility
Miscellaneous
 e - a box of beasts
 i - a piece from Xom's chessboard (15/15)
 V - a condenser vane (inert)
 W - a tin of tremorstones (2/2)
 Y - a phantom mirror


   Skills:
 + Level 14.4 Fighting
 + Level 17.0 Axes
 - Level 2.6 Armour
 + Level 5.1 Shields
 - Level 11.3 Evocations


You had 14 spell levels left.
You didn't know any spells.
Your spell library contained the following spells:

 Spells                   Type           Power      Damage    Failure   Level
 Magic Dart               Conj           0%         1d3       99%         1
 Necrotise                Necr           0%         1d4       99%         1
 Shock                    Conj/Air       0%         1d3       99%         1
 Searing Ray              Conj           0%         2d4       100%        2
 Sublimation of Blood     Necr           0%         N/A       100%        2
 Ozocubu's Armour         Ice            0%         N/A       100%        3
 Vampiric Draining        Necr           0%         2d6       100%        3
 Cause Fear               Hex            0%         N/A       100%        4
 Fulminant Prism          Conj/Hex       0%         3d6       100%        4
 Hailstorm                Conj/Ice       0%         3d3       100%        4
 Ice Form                 Ice/Tmut       0%         N/A       100%        4
 Petrify                  Tmut/Erth      0%         N/A       100%        4
 Sticky Flame             Conj/Fire      0%         2d3       100%        4
 Agony                    Necr           0%         N/A       100%        5
 Irradiate                Conj/Tmut      0%         3d11      100%        5
 Metabolic Englaciation   Hex/Ice        0%         N/A       100%        5
 Simulacrum               Ice/Necr       0%         N/A       100%        6
 Dragon Form              Tmut           0%         N/A       100%        7
 Ozocubu's Refrigeration  Ice            0%         4d7       100%        7
 Storm Form               Tmut/Air       0%         N/A       100%        7
 Dragon's Call            Summ           0%         N/A       100%        9


Dungeon Overview and Level Annotations

Branches:
Dungeon (11/15)            Temple (0/1) D:5            Lair (5/5) D:8
  Swamp (1/4) Lair:2        Snake (0/4) Lair:2        Slime (0/5) Lair:4
    Orc (2/2) D:11            Elf (0/3) Orc:2         IceCv (visited)
Gauntlet (visited)

Shops:
D:2 =[?   D:6 [   D:8 *   D:11 [   Orc:1 :=

Annotations:
D:5 3 runed translucent doors, Caestello's ghost, novice KoHu
D:7 exclusion: ice statue
Swamp:1 1 transporter, exclusion: obsidian statue
Orc:2 Rupert; Sonja


Innate Abilities, Weirdness & Mutations

You have an increased reservoir of magic. (+10% MP)
You shall have no god before yourself.
Your divine heritage dramatically boosts your attributes as you level up.


Message History

Unknown command.
Unknown command.
Unknown command.
Unknown command.
Unknown command.
Unknown command.
Unknown command.
Unknown command.
Unknown command.
Unknown command.
Unknown command.
Unknown command.
Unknown command.
Press: ? - help, v - describe, . - travel
Here: a spriggan rider, wielding a +0 spear (heavily wounded)
The floor.
Unknown command.
You miss the spriggan druid.
The spriggan druid is moderately wounded.
The spriggan druid casts a spell.
The forest starts to sway and rumble!
The spriggan rider hits you from afar with a +0 spear.
* * * LOW HITPOINT WARNING * * *
Unknown command.
Unknown command.
Unknown command.
Unknown command.
Unknown command.
Unknown command.
Unknown command.
Unknown command.
Unknown command.
Unknown command.
Unknown command.
Unknown command.
Unknown command.
The spriggan druid attacks as you move away!
You block the spriggan druid's attack.
The spriggan rider hits you with a +0 spear!
You die...

♣♣.♣ ≈≈ ♣.♣ ♣♣♣
≈≈ ♣♣♣ ≈≈ ♣≈
♣♣~♣ ♣♣ ~~
♣.~.♣♣♣~♣♣
~...♣♣.♣§♣=..♣
~.~$..i..i~.♣.♣♣
.~.~~.).@..~.~..
...~)i~~.~.♣[...
......♣♣~~~....~
~.(.~. ♣♣..~~♣.♣
.~.~." ♣~♣♣♣
~..♣♣ ♣♣ ..♣


You could see 2 spriggan riders and a spriggan druid.

Vanquished Creatures
  Mlioglotl (Swamp:1)
  A reaper (IceCv)
  A minotaur (Gauntlet)
  An ettin (Orc:1)
  A shambling mangrove (Swamp:1)
  A boulder beetle (D:11)
  Harold (D:11)
  Erolcha (Orc:1)
  8 hydras
  2 catoblepae
  A merfolk avatar (Lair:5)
  A two-headed ogre (D:10)
  A tengu warrior (Gauntlet)
  An alligator (Swamp:1)
  An orc high priest (Orc:1)
  Nergalle (D:11)
  2 thrashing horrors (Gauntlet)
  A fire crab (Gauntlet)
  A spriggan druid (Swamp:1)
  3 sea snakes (Lair:5)
  Lodul (D:11)
  A deep troll (Lair:4)
  A harpy (Lair:5)
  Pikel (D:4)
  2 cyclopes (D:11)
  An oklob plant (Lair:5)
  2 manticores
  7 elephants
  5 black mambas
  A torpor snail (Lair:3)
  12 cane toads
  An ice statue (IceCv)
  Maggie (D:8)
  2 gargoyles (D:10)
  5 rime drakes
  An efreet (Gauntlet)
  10 komodo dragons
  2 tengu conjurers (Gauntlet)
  3 ice devils
  4 polar bears
  6 trolls
  7 hornets
  A wind drake (Lair:5)
  A wolf spider simulacrum (Gauntlet)
  A snapping turtle (Lair:5)
  8 dream sheep
  21 blink frogs
  2 shadows (D:11)
  2 spriggans
  37 yaks
  6 wyverns
  3 fire elementals (Gauntlet)
  A vampire (D:10)
  A wraith (D:11)
  3 dire elephant simulacra (IceCv)
  4 basilisks
  4 fire bats (Gauntlet)
  8 vampire mosquitoes
  Grum (D:9)
  3 steam dragons
  3 death yak simulacra (IceCv)
  3 wargs
  3 nagas (Lair:2)
  6 swamp worms
  3 hell hounds (Gauntlet)
  An acid dragon (D:10)
  3 harpy simulacra
  11 water moccasins
  A hydra simulacrum (IceCv)
  5 ice beasts
  A swamp drake (Swamp:1)
  A sky beast (D:8)
  9 orc warriors
  A black bear (D:7)
  A hornet zombie (D:7)
  5 centaurs
  11 ogres
  19 wolves
  3 phantoms
  2 kobold brigands
  13 bullfrogs
  2 small abominations (Gauntlet)
  4 scorpions
  2 gnoll sergeants (D:10)
  A necrophage (D:6)
  4 two-headed ogre simulacra (IceCv)
  A cane toad simulacrum (IceCv)
  4 wights (D:9)
  11 killer bees
  3 elephant simulacra (IceCv)
  A howler monkey (D:10)
  An electric eel (D:6)
  A centaur zombie (D:7)
  3 hounds
  10 orc priests
  2 jellies
  3 gnoll boudas
  4 iguanas
  10 orc wizards
  5 hell rats (Lair:4)
  9 spriggan simulacra (IceCv)
  7 troll simulacra (IceCv)
  2 polar bear simulacra (IceCv)
  A wolf simulacrum (IceCv)
  A centaur simulacrum (D:9)
  A boggart simulacrum (Gauntlet)
  14 gnolls
  10 adders
  3 naga simulacra (IceCv)
  2 shadow imps
  8 white imps
  2 ufetubi
  2 worms (D:3)
  A dart slug (D:1)
  43 orcs
  2 ball pythons
  6 bats
  5 endoplasms
  6 giant cockroaches
  8 goblins
  9 hobgoblins
  3 jackals (D:4)
  8 kobolds
  3 quokkas
  3 frilled lizards
  5 rats
555 creatures vanquished.

Vanquished Creatures (collateral kills)
  An orc warrior (Orc:1)
  2 orcs (Orc:1)
3 creatures vanquished.

Vanquished Creatures (others)
  A spriggan (Swamp:1)
  A bloated husk (Swamp:1)
  A hornet (Swamp:1)
  A demonic plant (Gauntlet)
  21 fungi
  58 plants
83 creatures vanquished.

Grand Total: 641 creatures vanquished

Notes
Turn   | Place    | Note
-------+----------+-------------------------------------------
     0 | D:1      | drugrobin the Demigod Fighter began the quest for the Orb.
     0 | D:1      | Reached XP level 1. HP: 18/18 MP: 3/3
   145 | D:1      | Reached skill level 2 in Axes
   444 | D:1      | Reached XP level 2. HP: 15/25 MP: 4/4
   998 | D:1      | Reached skill level 3 in Axes
  1133 | D:2      | Found Piamol's Magic Scroll Emporium.
  1282 | D:2      | Reached XP level 3. HP: 27/30 MP: 5/5
  1735 | D:2      | Found Micirid's Jewellery Shoppe.
  1745 | D:2      | Found Kideclaxekh's Antique Armour Boutique.
  1761 | D:2      | Reached skill level 4 in Axes
  2009 | D:3      | Noticed a kobold brigand
  2448 | D:2      | Reached XP level 4. HP: 37/37 MP: 6/6
  2595 | D:3      | Killed a kobold brigand
  2596 | D:3      | Reached skill level 5 in Axes
  2596 | D:3      | Reached XP level 5. HP: 32/42 MP: 7/7
  2814 | D:3      | Identified the +0 ring mail "Puter" {Will+ Str+3}
  3859 | D:4      | Noticed Pikel
  3882 | D:4      | Killed Pikel
  3883 | D:4      | Reached skill level 7 in Axes
  3883 | D:4      | Reached XP level 6. HP: 50/50 MP: 8/8
  3883 | D:4      | Reached XP level 7. HP: 56/56 MP: 9/9
  4047 | D:5      | Entered Level 5 of the Dungeon
  4293 | D:5      | Reached skill level 8 in Axes
  4337 | D:5      | Found a runed translucent gate.
  4337 | D:5      | Found a runed translucent gate.
  4337 | D:5      | Found a runed translucent gate.
  4339 | D:5      | Noticed Caestello's ghost (novice KoHu)
  4902 | D:5      | Found a staircase to the Ecumenical Temple.
  4922 | D:5      | Reached skill level 9 in Axes
  5233 | D:6      | Reached XP level 8. HP: 53/62 MP: 10/10
  5400 | D:6      | Reached skill level 10 in Axes
  5530 | D:6      | Found Ivuba's Armour Boutique.
  5668 | D:6      | Reached skill level 1 in Evocations
  6965 | D:7      | Noticed an ice statue
  6998 | D:7      | Reached XP level 9. HP: 69/71 MP: 11/11
  7791 | D:7      | Reached skill level 5 in Fighting
  7964 | D:7      | Reached skill level 11 in Axes
  8365 | D:8      | Found Bovrics's Bounteous Boutique.
  8840 | D:2      | Bought a scroll of amnesia for 56 gold pieces
  8840 | D:2      | Bought a scroll of magic mapping for 105 gold pieces
  8840 | D:2      | Bought a scroll of enchant weapon for 105 gold pieces
  8840 | D:2      | Bought a scroll of vulnerability for 56 gold pieces
  8840 | D:2      | Bought a scroll of blinking for 105 gold pieces
  8840 | D:2      | Bought a scroll of fog for 56 gold pieces
  8840 | D:2      | Bought a scroll of identify for 28 gold pieces
  8952 | D:8      | Noticed Maggie
  8984 | D:8      | Killed Maggie
  9222 | D:8      | Found a staircase to the Lair.
  9223 | D:8      | Noticed a komodo dragon
  9242 | D:8      | Killed a komodo dragon
  9243 | D:8      | Reached skill level 5 in Evocations
  9667 | D:8      | Reached XP level 10. HP: 83/83 MP: 13/13
  9790 | D:8      | Bought a +0 broad axe for 60 gold pieces
 10030 | D:9      | Noticed a manticore
 10081 | D:9      | Killed a manticore
 10476 | D:9      | Noticed Grum
 10496 | D:9      | Killed Grum
 11208 | D:10     | Entered Level 10 of the Dungeon
 11337 | D:10     | Noticed a two-headed ogre
 11344 | D:10     | Noticed a catoblepas
 11570 | D:10     | HP: 3/86 [two-headed ogre/+0 giant spiked club (19)]
 11579 | D:10     | Killed a two-headed ogre
 11580 | D:10     | Reached skill level 12 in Axes
 11974 | D:9      | Killed a catoblepas
 12937 | D:11     | Noticed a cyclops
 12989 | D:11     | Killed a cyclops
 13083 | D:11     | Noticed a boulder beetle
 13108 | D:10     | Noticed a manticore
 13337 | D:11     | Killed a boulder beetle
 13338 | D:11     | Reached XP level 11. HP: 44/94 MP: 14/14
 13602 | D:11     | Found Xemat's Antique Armour Emporium.
 13683 | D:11     | Noticed Nergalle
 13701 | D:11     | Killed Nergalle
 13767 | D:11     | Noticed Lodul
 13776 | D:11     | Killed Lodul
 13985 | D:11     | Noticed a four-headed hydra
 13999 | D:11     | Killed a four-headed hydra
 14384 | D:11     | Reached skill level 13 in Axes
 14398 | D:11     | Found a staircase to the Orcish Mines.
 14445 | D:11     | Noticed a two-headed ogre
 14629 | D:11     | Noticed Harold
 14644 | D:11     | Killed Harold
 15178 | D:11     | Bought a pair of glowing boots for 135 gold pieces
 15364 | Lair:1   | Entered Level 1 of the Lair of Beasts
 15950 | Lair:1   | Noticed a catoblepas
 15977 | Lair:1   | Killed a catoblepas
 15978 | Lair:1   | Reached XP level 12. HP: 74/106 MP: 15/15
 16885 | Lair:2   | Found a gate leading to a gauntlet.
 16889 | Lair:2   | Reached skill level 10 in Fighting
 16962 | Gauntlet | Entered a Gauntlet
 16962 | Gauntlet | Found a transporter.
 16973 | Gauntlet | Found a transporter.
 16974 | Gauntlet | Found a transporter.
 16982 | Gauntlet | Found a transporter.
 16986 | Gauntlet | Found a transporter.
 16997 | Gauntlet | Found a transporter.
 16998 | Gauntlet | Found a transporter.
 17006 | Gauntlet | Found a transporter.
 17010 | Gauntlet | Found a transporter.
 17019 | Gauntlet | Found a transporter.
 17050 | Gauntlet | Found a transporter.
 17062 | Gauntlet | Found a transporter.
 17074 | Gauntlet | Found a transporter.
 17086 | Gauntlet | Found a transporter.
 17259 | Gauntlet | Reached skill level 10 in Evocations
 17261 | Gauntlet | Reached skill level 14 in Axes
 17358 | Gauntlet | Identified the +1 hat of the Trout {rF+ Will+}
 17452 | Gauntlet | Identified the +4 plate armour of Precision Catastrophes
                  | {Will+ rCorr}
 17950 | Gauntlet | Got Mimuss's Compendium of Destructive Sculpting
 18051 | Gauntlet | Identified the +5 glaive "Batang" {speed, rElec rN+ Str+3}
 18051 | Gauntlet | Identified the amulet of Hoygeis {Faith Str+3 Stlth+}
 18051 | Gauntlet | Noticed a minotaur
 18058 | Gauntlet | HP: 3/108 [minotaur/the +5 glaive "Batang" {speed, rElec
                  | rN+ Str+3} (14)]
 18076 | Gauntlet | Killed a minotaur
 19047 | Lair:2   | Noticed a seven-headed hydra
 19055 | Lair:2   | Killed a three-headed hydra
 19195 | Lair:2   | Noticed a six-headed hydra
 19206 | Lair:2   | Killed a one-headed hydra
 19316 | Lair:2   | Noticed a six-headed hydra
 19330 | Lair:2   | Killed a two-headed hydra
 19407 | Lair:2   | Reached XP level 13. HP: 109/116 MP: 16/16
 19444 | Lair:2   | Found a staircase to the Swamp.
 19700 | Lair:2   | Found a staircase to the Snake Pit.
 21226 | Lair:4   | Reached skill level 15 in Axes
 22064 | Lair:4   | Found a staircase to the Slime Pits.
 22534 | Lair:5   | Entered Level 5 of the Lair of Beasts
 24811 | Lair:5   | Reached skill level 16 in Axes
 24857 | Lair:5   | Reached XP level 14. HP: 83/129 MP: 17/17
 26618 | Orc:1    | Entered Level 1 of the Orcish Mines
 26618 | Orc:1    | Noticed Erolcha
 26632 | Orc:1    | Killed Erolcha
 27047 | Orc:1    | Found a frozen archway.
 27056 | IceCv    | Entered an ice cave
 27411 | IceCv    | Noticed a reaper
 27424 | IceCv    | Killed a reaper
 28134 | IceCv    | Reached XP level 15. HP: 138/138 MP: 18/18
 28492 | Orc:1    | Found Nuciosu's Jewellery Emporium.
 28774 | Orc:1    | Found Kaguruix's Vocational Training.
 28916 | Orc:2    | Entered Level 2 of the Orcish Mines
 28916 | Orc:2    | Noticed Rupert
 28916 | Orc:2    | Noticed Sonja
 28916 | Orc:2    | Found a staircase to the Elven Halls.
 29249 | Swamp:1  | Entered Level 1 of the Swamp
 29488 | Swamp:1  | Found a transporter.
 29488 | Swamp:1  | Noticed a fenstrider witch
 29490 | Swamp:1  | Noticed a thorn hunter
 29490 | Swamp:1  | Noticed a thorn hunter
 29491 | Swamp:1  | Noticed Mlioglotl
 29492 | Swamp:1  | Noticed a lich
 29569 | Swamp:1  | Paralysed by accursed screaming for 1 turns
 29573 | Swamp:1  | Killed Mlioglotl
 29574 | Swamp:1  | Reached skill level 17 in Axes
 29918 | Swamp:1  | Reached skill level 5 in Shields
 30211 | Swamp:1  | Slain by a spriggan rider

Illustrated notes

Levels and vault maps discovered:
D:1:      wander_arrival_peaceful_grave, layout_rooms, serial_bayou,
          serial_bayou_shore_a, serial_bayou_pond_a, serial_bayou_ford_a,
          serial_bayou_pond_d, serial_bayou_lake_a,
          shapermc_ecumenical_altar_mp_vishouse, serial_bayou_pond_b
D:2:      wad_woods_pond, layout_basic, serial_curves, eino_curves_02,
          eino_curves_02, eino_curves_04, serial_shops, shop,
          nicolae_shop_hallway_stairs, shop
D:3:      layout_basic
D:4:      layout_basic, tso_oasis_becter, uniq_pikel
D:5:      layout_layer_cave, mainiacjoe_overflow_boulevard, old_standard_altar,
          temple_statues, ebering_ghost_gozag
D:6:      layout_basic, overflow_temple_1_default, nicolae_overflow_squiral,
          serial_shops, nicolae_square_shop
D:7:      lemuel_ice_statue, layout_basic, amcnicky_altar_gilded,
          elyvilon_altar_3, worldfamousw_hep_ancestral_shrine,
          lemuel_zombie_altar_yredelemnul, minmay_misc_feat_roman,
          minmay_fractal_squares_5
D:8:      layout_gridville, mainiacjoe_overflow_brackets, david_lair_shrubbed,
          nicolae_alphabet_shops, serial_bayou_pond_a, uniq_maggie
D:9:      minmay_cornered_nines, layout_loops_corners, uniq_grum
D:10:     kennysheep_ambush_hall, layout_rooms, cheibrodos_ashenzari_chains,
          kennysheep_mini, nicolae_benzene_ring, st_stairs_5
D:11:     layout_long_grid, david_orc_3, serial_shops,
          nicolae_inconvenience_store, uniq_nergalle, uniq_lodul, uniq_harold
Lair:1:   layout_loops_ring, grunt_megastairs_1
Lair:2:   layout_roguey, palyth_hydra_swamp_entry, guppyfry_snake_entry_island,
          gauntlet_entry_generic, infiniplex_staircase_pool
Lair:3:   layout_small_grid
Lair:4:   dreamdust_cave_troll, layout_cave_pods, dpeg_slime_entry_corner,
          serial_rivers, chequers_serial_rivers_room_b,
          chequers_serial_rivers_marsh, chequers_serial_rivers_micro_b,
          chequers_serial_rivers_small_3, chequers_serial_rivers_micro_d,
          chequers_serial_rivers_small_3, serial_bayou_pond_c, lemuel_fruit_tree
Lair:5:   gammafunk_lair_ancient_temple, layout_layer_cave
Swamp:1:  gammafunk_sealed_arena, layout_falls_marsh,
          nicolae_swamp_tree_designs, swamp_pool1, uniq_mlioglotl
Orc:1:    layout_diamond_mine, serial_shops, shop, basic_altar,
          portal_ice_cave_demonic_guard, nicolae_shop_vocational, uniq_erolcha
Orc:2:    grunt_orc_tribal_feast, layout_caves, minmay_orc_temple_b,
          uniq_rupert, uniq_sonja, uniq_nessos

Skill      XL: |  1  2  3  4  5  6  7  8  9 10 11 12 13 14 15 |
---------------+----------------------------------------------+-----
Axes           | 2 3 4 5 7 9 10 11 12 13 14 16 17 | 17.0
Fighting       | 4 6 8 9 11 13 14 | 14.4
Evocations     | 2 5 7 9 10 11 | 11.3
Shields        | 4 5 |  5.1
Armour         | |  2.6

Action                   |  1- 3 |  4- 6 |  7- 9 | 10-12 | 13-15 || total
-------------------------+-------+-------+-------+-------+-------++-------
Melee: War axe           |   149 |    85 |   382 |       |       ||   616
       Broad axe         |       |       |       |   650 |   583 ||  1233
       Mace              |       |       |       |     8 |       ||     8
 Fire: Sling             |    10 |    11 |    11 |       |       ||    32
Throw: Dart              |       |     5 |    23 |    15 |       ||    43
       Boomerang         |       |       |    17 |    19 |     9 ||    45
       Throwing net      |       |       |     1 |     3 |       ||     4
Evoke: Wand              |       |       |     3 |    18 |     9 ||    30
       Box of beasts     |       |       |       |     1 |     1 ||     2
       Condenser vane    |       |       |       |       |     2 ||     2
       Piece from Xom's  |       |       |       |       |     1 ||     1
  Use: Scroll            |       |       |       |    25 |    12 ||    37
       Potion            |       |       |       |     9 |     6 ||    15
 Stab: Paralysed         |       |       |     8 |     9 |       ||    17
       Held in net/web   |       |       |     1 |       |       ||     1
Armor: Scale mail        |    63 |     6 |       |       |       ||    69
       Ring mail         |       |    25 |   113 |       |       ||   138
       Swamp dragon scal |       |       |    25 |   362 |   186 ||   573
       Plate armour      |       |       |       |       |   175 ||   175
Dodge: Dodged            |    68 |    25 |   138 |   264 |   183 ||   678
Block: Buckler           |    66 |    38 |   171 |   331 |   242 ||   848
       Reflection        |     2 |     1 |     2 |    12 |     5 ||    22
       Kite shield       |       |       |       |       |    88 ||    88

Table legend: (Time is in decaauts)
 A = Elapsed time spent in this place.
 B = Non-inter-level travel time spent in this place.
 C = Inter-level travel time spent in this place.
 D = Time resting spent in this place.
 E = Time spent auto-exploring this place.
 F = Levels seen in this place.
 G = Mean time per level.
                   A        B        C        D        E       F      G
               +--------+--------+--------+--------+--------+-----+--------+
         Total |  30370 |  28358 |   2012 |   6713 |  16096 |  21 | 1446.2 |
       Dungeon |  16742 |  15564 |   1178 |   3234 |   9054 |  11 | 1522.0 |
          Lair |   9700 |   8956 |    744 |   2309 |   5329 |   5 | 1940.0 |
         Swamp |    416 |    406 |     10 |    193 |     60 |   1 |  416.0 |
  Orcish Mines |    769 |    690 |     79 |     12 |    498 |   2 |  384.5 |
      Ice Cave |   1272 |   1272 |      0 |    423 |    547 |   1 | 1272.0 |
      Gauntlet |   1469 |   1469 |      0 |    541 |    608 |   1 | 1469.0 |
               +--------+--------+--------+--------+--------+-----+--------+

Top non-repeatable levels by time:
  Lair:4: 3175 daAuts
    D:11: 2609 daAuts
    D:10: 2165 daAuts
  Lair:2: 2137 daAuts
     D:9: 1875 daAuts
     D:6: 1741 daAuts
     D:7: 1679 daAuts
  Lair:1: 1675 daAuts
  Lair:5: 1607 daAuts
Gauntlet: 1469 daAuts
     D:2: 1413 daAuts
   IceCv: 1272 daAuts
     D:1: 1266 daAuts
     D:8: 1179 daAuts
     D:5: 1137 daAuts
